 Dungeon Crawl Stone Soup version 0.29-a0-639-g29a8cde (webtiles) character file.

Game seed: 13034173230255909710

79 Dawnplanks the Skirmisher (level 4, -1/49 HPs)
             Began as an Ogre Berserker on June 19, 2022.
             Was a Follower of Trog.
             Slain by a giant cockroach (2 damage)
             ... on level 2 of the Dungeon.
             The game lasted 00:02:21 (1688 turns).

Dawnplanks the Skirmisher (Ogre Berserker)          Turns: 1688, Time: 00:02:21

Health: -1/49      AC:  3    Str: 23    XL:     4   Next: 37%
Magic:  4/4        EV:  6    Int:  8    God:    Trog [*.....]
Gold:   61         SH:  9    Dex:  8    Spells: 3/3 levels left

rFire   . . .      SeeInvis .   a - +0 mace
rCold   + . .      Faith    .   h - +0 tower shield
rNeg    . . .      Spirit   .   b - +0 animal skin
rPois   .          Reflect  .   (helmet restricted)
rElec   .          Harm     .   (no cloak)
rCorr   .          Rampage  .   (gloves unavailable)
Will    .....                   (boots unavailable)
Stlth   +.........              (no amulet)
HPRegen 0.16/turn               g - ring of protection from cold
MPRegen 0.09/turn               (no ring)

@: on berserk cooldown, slowed, very slow
A: large, unfitting armour, tough skin 1
a: Renounce Religion, Berserk


You were on level 2 of the Dungeon.
You worshipped Trog.
Trog was aware of your devotion.
You visited 1 branch of the dungeon, and saw 2 of its levels.

You collected 61 gold pieces.

Inventory:

Hand Weapons
 a - a +0 mace (weapon)
Missiles
 k - 34 stones (quivered)
Armour
 b - a +0 animal skin (worn)
 h - a +0 tower shield (worn)
Jewellery
 g - a ring of protection from cold (left hand)
Wands
 m - a wand of flame (15)
Scrolls
 c - a scroll of silence {unknown}
 i - 2 scrolls of identify {unknown}
 j - 2 scrolls of fog {unknown}
 l - a scroll of teleportation {unknown}
Potions
 d - 2 potions of attraction {unknown}
 e - 2 potions of curing {unknown}
 f - a potion of heal wounds {unknown}


   Skills:
 + Level 4.6 Fighting
 + Level 3.6 Maces & Flails
 + Level 3.2 Dodging
 + Level 1.1 Shields


You had 3 spell levels left.
You didn't know any spells.
Your spell library was empty.

Dungeon Overview and Level Annotations

Branches:
Dungeon (2/15)

Altars:


Innate Abilities, Weirdness & Mutations

You are too large for most types of armour.
You have tough skin. (AC +1)


Message History

Trog accepts your kill. The adder bites you.
* * * LOW HITPOINT WARNING * * *
You are poisoned.
The adder poisons you!
The giant cockroach bites you but does no damage. x2
The adder bites you.
* * * LOW HITPOINT WARNING * * *
You barely miss the adder.
You feel sick. The adder barely misses you. The giant cockroach bites you.
* * * LOW HITPOINT WARNING * * *
You sock the adder!
You kill the adder!
Trog accepts your kill.
You feel sick.
The giant cockroach bites you but does no damage.
Okay, then.
A worm comes into view.
* * * LOW HITPOINT WARNING * * *
You feel sick. The giant cockroach barely misses you.
You see here a quokka corpse.
You barely miss the worm.
You feel sick. You block the giant cockroach's attack.
You block the worm's attack.
You thump the worm!
The worm is severely wounded.
You feel sick.
The giant cockroach bites you but does no damage.
You block the worm's attack.
You sock the worm!
You kill the worm!
Trog accepts your kill.
You feel sick.
You are no longer poisoned.
You block the giant cockroach's attack. x2
You closely miss the giant cockroach.
You are no longer berserk.
You are exhausted.
You feel yourself slow down. You block the giant cockroach's attack.
You barely miss the giant cockroach. The giant cockroach bites you.
You die...

..####.# ## #### .##
#.## ##. #.. #..##
###..##.# ##..# .
.(...#.####### ##.#
..###..........<# ###.#
.:..............# #....
.......B........# #....
#......@........####....
#......)................
..........##########....
....>.....# #....
...w......# #....
...$....?.# #####
..........# ..........#


You could see a worm and a giant cockroach.

Vanquished Creatures
  Terence (D:2)
  An adder (D:2)
  A worm (D:2)
  3 dart slugs (D:1)
  4 ball pythons (D:1)
  3 endoplasms (D:1)
  A giant cockroach (D:1)
  5 goblins
  3 hobgoblins (D:1)
  3 quokkas
  A bat (D:1)
  2 frilled lizards (D:2)
  7 kobolds
35 creatures vanquished.

Notes
Turn   | Place    | Note
-------+----------+-------------------------------------------
     0 | D:1      | Dawnplanks the Ogre Berserker began the quest for the Orb.
     0 | D:1      | Reached XP level 1. HP: 24/24 MP: 1/1
   278 | D:1      | Reached XP level 2. HP: 32/32 MP: 2/2
   743 | D:1      | Reached XP level 3. HP: 31/40 MP: 3/3
  1669 | D:2      | Noticed Terence
  1678 | D:2      | Killed Terence
  1679 | D:2      | Reached skill level 1 in Shields
  1679 | D:2      | Reached XP level 4. HP: 14/49 MP: 4/4
  1684 | D:2      | HP: 3/73 [poisoned by an adder]
  1686 | D:2      | HP: 1/73 [poisoned by an adder]
  1688 | D:2      | Slain by a giant cockroach

Illustrated notes

Levels and vault maps discovered:
D:1:      dpeg_arrival_morbid_curiosity, layout_basic,
          shapermc_ecumenical_altar_petra
D:2:      layout_rooms, uniq_terence

Skill      XL: |  1  2  3 |
---------------+----------+-----
Maces & Flails | 3 |  3.6
Dodging        | 3 |  3.2
Shields        | 1 |  1.1
Fighting       | |  4.6

Action                   |  1- 3 |  4- 6 || total
-------------------------+-------+-------++-------
Melee: Mace              |    98 |     9 ||   107
Invok: Berserk           |     1 |       ||     1
Armor: Animal skin       |    38 |     5 ||    43
Dodge: Dodged            |    39 |     2 ||    41
Block: Tower shield      |    49 |     7 ||    56

Table legend: (Time is in decaauts)
 A = Elapsed time spent in this place.
 B = Non-inter-level travel time spent in this place.
 C = Inter-level travel time spent in this place.
 D = Time resting spent in this place.
 E = Time spent auto-exploring this place.
 F = Levels seen in this place.
 G = Mean time per level.
                   A        B        C        D        E       F      G
               +--------+--------+--------+--------+--------+-----+--------+
         Total |   1734 |   1685 |     49 |      0 |   1411 |   2 |  867.0 |
       Dungeon |   1734 |   1685 |     49 |      0 |   1411 |   2 |  867.0 |
               +--------+--------+--------+--------+--------+-----+--------+

Top non-repeatable levels by time:
     D:1: 1569 daAuts
     D:2: 164 daAuts
